Map: Ley Lines

Players

llllllllllll

  • Race: Protoss Protoss
  • League: Diamond
  • Spawn Location: 7:00

llllllllllll - Winner!

  • Race: Protoss Protoss
  • League: Platinum
  • Spawn Location: 1:00

VOD

Have the link to the VOD?

Description

Time

  • Played on: April 25, 2025, 6:36 a.m.
  • Length: 2:58
Show
View Real Time Build Order
Export as new Build Order

llllllllllll Protoss 

Build Orders:  

Get SALT Encoding   

  12  0:00  Probe  
  13  0:12  Probe  
  14  0:18  Pylon  
  14  0:24  Probe  
  15  0:35  Probe  
  16  0:43  Probe  
  16  0:45  Gateway  
  16  0:49  Assimilator  
  17  0:51  Probe  
  18  1:02  Assimilator  
  18  1:03  Probe  
  19  1:15  Probe  
  20  1:25  Gateway  
  20  1:33  Cybernetics Core  
  20  1:40  Pylon  
  20  1:43  Probe  
  21  1:54  Probe  
  22  2:02  Probe  
  22  2:05  Sentry  
  23  2:08  Stalker  
  23  2:10  Probe  
  28  2:23  Probe  
  28  2:24  Pylon  
  28  2:25  Sentry  
Show
View Real Time Build Order
Export as new Build Order

llllllllllll Protoss - Winner!

Build Orders:  

Get SALT Encoding   

  12  0:00  Probe  
  13  0:12  Probe  
  14  0:19  Pylon  
  14  0:24  Probe  
  15  0:37  Gateway  
  15  0:41  Assimilator  
  15  0:49  Pylon  
  15  1:07  Gateway  
  15  1:12  Gateway  
  15  1:26  Cybernetics Core  
  15  1:31  Probe  
  16  1:43  Probe  
  17  1:51  Stalker x2  
  21  2:17  Stalker x2  
Tags
 
Matchup
PvP
Replay Pack
kreditionep2
Spawn Locations
Cross Positions
Add a new tag
Caveats
  • Supply blocks, unpowered buildings, or Contaminate may cause inaccurate times.
  • Supply counts are checked every 10 seconds.